 Dungeon Crawl Stone Soup version 0.30-a0-691-g754fce4 (webtiles) character file.

Game seed: 11162017023506229075

319 milkiemew the Poker (level 6, 0/46 HPs)
             Began as a Demonspawn Gladiator on Jan 18, 2023.
             Killed by divine providence
             ... invoked by an orc priest
              (9 damage)
             ... on level 4 of the Dungeon on Jan 19, 2023.
             The game lasted 00:07:05 (2497 turns).

milkiemew the Poker (Demonspawn Gladiator)          Turns: 2497, Time: 00:07:06

Health: 0/46       AC:  8    Str: 16    XL:     6   Next: 21%
Magic:  6/6        EV: 10    Int:  9    God:
Gold:   186        SH:  0    Dex: 15    Spells: 5/5 levels left

rFire   . . .      SeeInvis +    r - +2 short sword (vamp)
rCold   . . .      Faith    .    (no shield)
rNeg    . . .      Spirit   .    y - +0 scale mail
rPois   .          Reflect  .    c - +0 helmet
rElec   .          Harm     .    (no cloak)
rCorr   .          Rampage  .    o - +0 pair of gloves
Will    .....                    (no boots)
Stlth   +                        (no amulet)
HPRegen 0.27/turn                m - ring of wizardry
MPRegen 0.20/turn                e - ring of see invisible

@: no status effects
A: ignite blood 1, magic regeneration
a: no special abilities


You were on level 4 of the Dungeon.
You visited 1 branch of the dungeon, and saw 4 of its levels.

You collected 186 gold pieces.

Inventory:

Hand Weapons
 a - a +0 trident
 k - a +2 short sword of freezing
 r - a +2 vampiric short sword (weapon)
Missiles
 u - 3 poisoned darts (quivered)
Armour
 c - a +0 helmet (worn)
 o - a +0 pair of gloves (worn)
 y - a +0 scale mail (worn)
Jewellery
 e - a ring of see invisible (right hand)
 m - a ring of wizardry (left hand)
Scrolls
 b - a scroll of fear {unknown}
 f - 3 scrolls of identify {unknown}
 g - 3 scrolls of teleportation {unknown}
 i - 2 scrolls of fog {unknown}
 l - a scroll of immolation {unknown}
 p - a scroll of blinking {unknown}
 w - a scroll of enchant armour {unknown}
Potions
 d - a potion of flight {unknown}
 h - 4 potions of curing {unknown}
 j - 2 potions of degeneration {unknown}
 n - a potion of mutation {unknown}
 q - 2 potions of attraction {unknown}
 s - a potion of berserk rage {unknown}
 t - a potion of heal wounds {unknown}
 x - a potion of haste {unknown}


   Skills:
 + Level 2.8 Fighting
 + Level 2.5 Short Blades
 + Level 3.5 Polearms
 + Level 2.0 Throwing
 + Level 2.3 Armour
 + Level 3.4 Dodging
 + Level 1.6 Stealth


You had 5 spell levels left.
You didn't know any spells.
Your spell library contained the following spells:

 Spells                   Type           Power      Damage    Failure   Level
 Magic Dart               Conj           0%         1d3       47%         1
 Call Imp                 Summ           0%         N/A       61%         2
 Call Canine Familiar     Summ           0%         N/A       83%         3
 Mephitic Cloud           Conj/Pois/Air  0%         N/A       83%         3
 Portal Projectile        Hex/Tloc       0%         N/A       83%         3
 Leda's Liquefaction      Hex/Erth       0%         N/A       99%         4


Dungeon Overview and Level Annotations

Branches:
Dungeon (4/15)
 Temple: D:4-7

Altars:
Dithmenos
Nemelex Xobeh

Shops:
D:1 [   D:2 (


Innate Abilities, Weirdness & Mutations

Your demonic aura sometimes causes spilled blood to erupt in flames.
You regenerate magic rapidly.


Message History

You hit the orc wizard.
You kill the orc wizard!
The orc hits you with a +0 hand axe.
The orc priest casts a cantrip, but nothing happens.
The orc barely misses you.
You hit the orc priest.
You punch the orc priest, but do no damage.
The orc priest is lightly wounded.
You hit the orc priest.
You feel better.
The orc priest is lightly wounded.
The orc hits you but does no damage.
The orc priest hits you with a +0 short sword.
The orc hits you but does no damage.
You barely miss the orc priest.
The orc priest is lightly wounded.
The orc hits you with a +0 hand axe.
The orc priest hits you with a +0 short sword.
The orc hits you with a +0 flail.
You are too injured to fight recklessly!
You are too injured to fight recklessly!
You are too injured to fight recklessly!
You hit the orc priest.
You feel better.
The orc priest is moderately wounded.
The orc hits you with a +0 hand axe. The orc priest closely misses you.
The jelly hits you but does no damage. The orc barely misses you.
You hit the orc priest.
You feel better.
The orc priest is heavily wounded.
The orc hits you with a +0 hand axe. The orc priest barely misses you.
The jelly hits you but does no damage. The orc completely misses you.
You hit the orc priest.
You feel better.
The orc priest is almost dead.
The orc hits you but does no damage. The orc priest barely misses you.
The orc closely misses you. The jelly hits you.
You are splashed with acid!
* * * LOW HITPOINT WARNING * * *
You closely miss the orc priest.
The orc priest is almost dead.
The orc closely misses you.
The orc priest invokes the aid of Beogh against you.
Beogh smites you!
You die...

######### .# #
#.......##.## ... #.
#............ ....
..###............ ....##
#.!.....$.[......
.....######.............
#........##............
#........##....@o......
.#.............oJo......
.#........##........####
..........#########(#
##........# .#
##........# .
...####...# .
..........# ..
#.#.#.#.#.#


You could see a jelly, an orc priest and 2 orcs.

Vanquished Creatures
  A water moccasin (D:3)
  A centaur (D:3)
  An orc wizard (D:4)
  3 adders
  A dart slug (D:1)
  8 orcs (D:3)
  4 ball pythons
  2 endoplasms
  A giant cockroach (D:3)
  11 goblins
  3 hobgoblins
  4 jackals (D:1)
  4 kobolds
  2 quokkas
  6 bats
  6 frilled lizards
  6 rats
64 creatures vanquished.

Vanquished Creatures (others)
  A plant (D:2)
  2 withered plants (D:2)
3 creatures vanquished.

Grand Total: 67 creatures vanquished

Notes
Turn   | Place    | Note
-------+----------+-------------------------------------------
     0 | D:1      | milkiemew the Demonspawn Gladiator began the quest for the
                  | Orb.
     0 | D:1      | Reached XP level 1. HP: 16/16 MP: 1/1
    40 | D:1      | Found Xuel's Antique Armour Shoppe.
   189 | D:1      | Gained mutation: Your demonic aura sometimes causes spilled
                  | blood to erupt in flames. [demonic ancestry]
   189 | D:1      | Reached XP level 2. HP: 20/22 MP: 2/2
   973 | D:2      | Found a faded altar of an unknown god.
   998 | D:2      | Reached XP level 3. HP: 20/28 MP: 3/3
  1175 | D:2      | Found Tudukhil's Weapon Shop.
  1556 | D:3      | Found a sparkling altar of Nemelex Xobeh.
  1572 | D:3      | Noticed a water moccasin
  1580 | D:3      | Reached XP level 4. HP: 34/34 MP: 4/4
  1585 | D:3      | Killed a water moccasin
  1586 | D:3      | Reached skill level 1 in Short Blades
  1586 | D:3      | Reached skill level 1 in Armour
  1586 | D:3      | Reached skill level 1 in Stealth
  1586 | D:3      | Reached XP level 5. HP: 31/39 MP: 5/5
  1811 | D:3      | Found a shadowy altar of Dithmenos.
  1950 | D:3      | Noticed a centaur
  1964 | D:3      | Killed a centaur
  1965 | D:3      | Gained mutation: You regenerate magic rapidly. [demonic
                  | ancestry]
  1965 | D:3      | Reached XP level 6. HP: 44/46 MP: 6/6
  2497 | D:4      | Killed from afar by an orc priest

Illustrated notes

Levels and vault maps discovered:
D:1:      minmay_arrival_stair_chambers, layout_loops_ring, serial_shops,
          nicolae_shop_overgrown_old_shop, chequers_serial_rivers_large_b,
          minmay_misc_feat_roman, chequers_serial_rivers_room_a
D:2:      layout_basic, basic_altar, serial_corexii_hall,
          chequers_hall_statues_wall_a, chequers_hall_statues_wall_a,
          shapermc_ecumenical_altar_flowoftime, serial_shops, shop
D:3:      layout_basic, old_standard_altar, grunt_dithmenos_smoke_and_mirrors,
          mainiacjoe_overflow_brackets, minmay_tree_intersection,
          nicolae_concentric_dashed_squares_wild
D:4:      layout_basic, minmay_misc_feat_rows

Skill      XL: |  1  2  3  4  5 |
---------------+----------------+-----
Polearms       | 3 |  3.5
Dodging        | 3 |  3.4
Short Blades   | 1 2 |  2.5
Armour         | 1 2 |  2.3
Stealth        | 1 |  1.6
Throwing       | 2 |  2.0
Fighting       | |  2.8

Action                   |  1- 3 |  4- 6 || total
-------------------------+-------+-------++-------
Melee: Trident           |    32 |       ||    32
       Short sword       |   112 |    76 ||   188
       Punch             |     2 |     1 ||     3
Throw: Throwing net      |       |     4 ||     4
       Javelin           |       |     3 ||     3
 Stab: Distracted        |     1 |       ||     1
       Sleeping          |     1 |       ||     1
       Held in net/web   |       |     2 ||     2
Armor: Leather armour    |    43 |     5 ||    48
       Ring mail         |       |     8 ||     8
       Scale mail        |       |    16 ||    16
Dodge: Dodged            |    79 |    38 ||   117

Table legend: (Time is in decaauts)
 A = Elapsed time spent in this place.
 B = Non-inter-level travel time spent in this place.
 C = Inter-level travel time spent in this place.
 D = Time resting spent in this place.
 E = Time spent auto-exploring this place.
 F = Levels seen in this place.
 G = Mean time per level.
                   A        B        C        D        E       F      G
               +--------+--------+--------+--------+--------+-----+--------+
         Total |   2519 |   2378 |    141 |      0 |   1798 |   4 |  629.8 |
       Dungeon |   2519 |   2378 |    141 |      0 |   1798 |   4 |  629.8 |
               +--------+--------+--------+--------+--------+-----+--------+

Top non-repeatable levels by time:
     D:1: 943 daAuts
     D:3: 925 daAuts
     D:2: 599 daAuts
     D:4: 51 daAuts
